 Dungeon Sprint DCSS version 0.19.5 (webtiles) character file.

1489 Mesmaeker13 the Grappler (level 8, 0/145 HPs)
             Began as a Troll Berserker on Apr 4, 2017.
             Was an Elder of Trog.
             Slain by a demonic crawler (10 damage)
             ... in the Dungeon (Sprint I: "Red Sonja").
             The game lasted 00:01:43 (374 turns).

Mesmaeker13 the Grappler (Troll Berserker)           Turns: 374, Time: 00:01:44

Health: 0/145      AC:  5    Str: 33    XL:     8   Next: 51%
Magic:  7/7        EV: 10    Int:  3    God:    Trog [****..]
Gold:   419        SH:  0    Dex:  9    Spells: 0 memorised, 7 levels left

rFire  . . .     SeeInvis .       - Unarmed
rCold  . . .     Gourm    +     a - +0 animal skin
rNeg   . . .     Faith    .     (no shield)
rPois  .         Spirit   .     (helmet restricted)
rElec  .         Reflect  .     (no cloak)
rCorr  .         Harm     .     (gloves unavailable)
MR     ++...     NoTele   +     (boots unavailable)
Stlth  ..........               (no amulet)
                                (no ring)
                                (no ring)

@: berserking, regenerating, very quick
A: unfitting armour, claws 3, fast metabolism 3, gourmand, regeneration 1,
shaggy fur 1, tough skin 2
a: Berserk, Trog's Hand, Brothers in Arms, Burn Spellbooks, Renounce Religion


You were in the Dungeon.
You worshipped Trog.
Trog was greatly pleased with you.
You were full.

You visited 1 branch You collected 419 gold pieces.

Inventory:

Armour
 a - a +0 animal skin (worn)
Scrolls
 h - a scroll of blinking
 j - a scroll of fog {unknown}
Potions
 c - a potion of curing
 d - 2 potions of heal wounds
 e - a potion of haste
 f - 2 potions of magic
 g - a potion of berserk rage
Comestibles
 b - 2 bread rations


   Skills:
 + Level 11.5 Fighting
 - Level 2.4 Dodging
 + Level 13.4 Unarmed Combat


You had 7 spell levels left.
You didn't know any spells.

Dungeon Overview and Level Annotations

Branches:
Dungeon (1/1)

Altars:
Cheibriados
Dithmenos
Elyvilon
Fedhas
Gozag
Hepliaklqana
Kikubaaqudgha
Makhleb
Nemelex Xobeh
Okawaru
Qazlal
Ru
Sif Muna
Trog
Uskayaw
Vehumet
Xom
Yredelemnul
Zin
The Shining One
Jiyva
Lugonu

Shops:
D =


Innate Abilities, Weirdness & Mutations

You are too large for most types of armour.
You have claws for hands.
Your metabolism is lightning-fast.
You like to eat raw meat.
Your natural rate of healing is unusually fast.
You are covered in fur. (AC +1)
You have very tough skin. (AC +2)


Message History

* * * LOW HITPOINT WARNING * * *
The demonic crawler hits you but does no damage.
The demonic crawler misses you.
There is an open door, spattered with blood here.
You completely miss the demonic crawler.
The demonic crawler is lightly wounded.
The demonic crawler closely misses you.
The demonic crawler completely misses you.
The demonic crawler hits you!
* * * LOW HITPOINT WARNING * * *
You scratch the demonic crawler.
The demonic crawler is lightly wounded.
The demonic crawler closely misses you. The demonic crawler hits you!
* * * LOW HITPOINT WARNING * * *
The demonic crawler hits you!
* * * LOW HITPOINT WARNING * * *
The demonic crawler hits you!
* * * LOW HITPOINT WARNING * * *
The demonic crawler hits you!
You die...

#################
#..'..#__#..'...#
').#..'..'..#).s##+#
#####'#__####...@s.#
#...#)#### #####s.+
#..##.# +## ##'#..+
.'..._# ##_.#'#
###+#.# # ###


You could see 3 demonic crawlers.

Vanquished Creatures
  A demonic crawler (D)
  2 kobold demonologists (D)
  A slime creature (D)
  Sigmund (D)
  A yak (D)
  A floating eye (D)
  An ogre (D)
  A jelly (D)
  Ijyb (D)
10 creatures vanquished.

Vanquished Creatures (others)
  A gargoyle (D)
1 creature vanquished.

Grand Total: 11 creatures vanquished

Notes
Turn   | Place    | Note
-------+----------+-------------------------------------------
     0 | D        | Mesmaeker13 the Troll Berserker began the quest for the Orb.
     0 | D        | Reached XP level 1. HP: 22/22 MP: 0/0
     1 | D        | Noticed Ijyb
     6 | D        | Killed Ijyb
     6 | D        | Reached skill level 5 in Unarmed Combat
     6 | D        | Reached XP level 2. HP: 27/32 MP: 1/1
    17 | D        | Noticed an ogre
    24 | D        | Killed an ogre
    24 | D        | Reached skill level 5 in Fighting
    24 | D        | Reached skill level 7 in Unarmed Combat
    24 | D        | Reached XP level 3. HP: 20/44 MP: 2/2
    24 | D        | Reached XP level 4. HP: 24/52 MP: 3/3
    80 | D        | Noticed Sigmund
    85 | D        | Killed Sigmund
    85 | D        | Reached ** piety under Trog
    85 | D        | Reached skill level 9 in Unarmed Combat
    85 | D        | Reached XP level 5. HP: 63/63 MP: 4/4
    85 | D        | Reached XP level 6. HP: 72/72 MP: 5/5
   106 | D        | Found a deep blue altar of Sif Muna.
   108 | D        | Found a radiant altar of Vehumet.
   133 | D        | Found Ciwid's Jewellery Emporium.
   133 | D        | Found an ancient bone altar of Kikubaaqudgha.
   133 | D        | Found a hazy altar of Hepliaklqana.
   133 | D        | Found a stormy altar of Qazlal.
   133 | D        | Found a hide-covered altar of Uskayaw.
   133 | D        | Found a blossoming altar of Fedhas.
   133 | D        | Found a bloodstained altar of Trog.
   133 | D        | Found an iron altar of Okawaru.
   133 | D        | Found a basalt altar of Yredelemnul.
   133 | D        | Found a glowing golden altar of the Shining One.
   133 | D        | Found a snail-covered altar of Cheibriados.
   133 | D        | Found a sacrificial altar of Ru.
   133 | D        | Found a glowing silver altar of Zin.
   133 | D        | Found a shadowy altar of Dithmenos.
   133 | D        | Found a white marble altar of Elyvilon.
   133 | D        | Noticed a yak
   138 | D        | Killed a yak
   138 | D        | Reached skill level 10 in Unarmed Combat
   139 | D        | Found an opulent altar of Gozag.
   216 | D        | Found a sparkling altar of Nemelex Xobeh.
   232 | D        | Killed a gargoyle
   238 | D        | Found a burning altar of Makhleb.
   238 | D        | Found a viscous altar of Jiyva.
   238 | D        | Found a shimmering altar of Xom.
   238 | D        | Found a corrupted altar of Lugonu.
   238 | D        | Noticed a slime creature
   243 | D        | Killed a slime creature
   243 | D        | Reached *** piety under Trog
   243 | D        | Reached skill level 11 in Unarmed Combat
   243 | D        | Reached XP level 7. HP: 56/84 MP: 6/6
   300 | D        | Noticed a kobold demonologist
   302 | D        | Reached skill level 10 in Fighting
   303 | D        | Noticed a kobold demonologist
   305 | D        | Killed a kobold demonologist
   305 | D        | Reached skill level 12 in Unarmed Combat
   308 | D        | Killed a kobold demonologist
   308 | D        | Reached **** piety under Trog
   308 | D        | Reached XP level 8. HP: 97/97 MP: 7/7
   363 | D        | Noticed a demonic crawler
   363 | D        | Noticed a demonic crawler
   363 | D        | Noticed a demonic crawler
   363 | D        | Noticed a demonic crawler
   370 | D        | Killed a demonic crawler
   370 | D        | Reached skill level 13 in Unarmed Combat
   374 | D        | Slain by a demonic crawler

Skill      XL: |  1  2  3  4  5  6  7  8 |
---------------+-------------------------+-----
Fighting       | 4 5 7 9 11 | 11.5
Unarmed Combat | 5 7 9 11 12 13 | 13.4
Dodging        | |  2.4

Action                   |  1- 3 |  4- 6 |  7- 9 || total
-------------------------+-------+-------+-------++-------
Melee: Unarmed           |    10 |    15 |    13 ||    38
       Punch             |       |     2 |       ||     2
Invok: Berserk           |       |     1 |     2 ||     3
       Trog's Hand       |       |       |     2 ||     2
  Eat: Chunk             |     2 |     6 |     1 ||     9
Armor: Animal skin       |     1 |     2 |     6 ||     9
Dodge: Dodged            |     4 |     1 |    16 ||    21
